 Dungeon Crawl Stone Soup version 0.21-a0-344-g2144152 (webtiles) character file.

12847 tidbits the Infuser (level 11, -12/86 HPs)
             Began as a Gnoll Skald on Oct 4, 2017.
             Was an Elder of Cheibriados.
             Killed from afar by an ice dragon (40 damage)
             ... with a blast of cold
             ... on level 11 of the Dungeon.
             The game lasted 00:42:34 (5476 turns).

tidbits the Infuser (Gnoll Skald)                   Turns: 5476, Time: 00:42:35

Health: -12/86     AC: 14    Str: 23    XL:     11   Next: 99%
Magic:  16/23      EV: 19    Int: 28    God:    Cheibriados [****..]
Gold:   276        SH:  0    Dex: 23    Spells: 14/26 levels left

rFire    . . .     SeeInvis .   K - +1 scimitar (flame)
rCold    . . .     Gourm    .   (no shield)
rNeg     . . .     Faith    .   B - +0 troll leather armour
rPois    .         Spirit   .   E - +1 helmet
rElec    .         Reflect  .   C - +0 cloak
rCorr    .         Harm     .   G - +0 pair of gloves
MR       +....                  F - +1 pair of boots {Fly}
Stlth    ++++......             (no amulet)
HPRegen  0.64/turn              U - +2 ring of protection
MPRegen  0.18/turn              j - ring of protection from magic

@: flying, very slow
A: distributed training, fangs 1, strong nose
a: Bend Time, Temporal Distortion, Slouch, Renounce Religion, Stop Flying


You were on level 11 of the Dungeon.
You worshipped Cheibriados.
Cheibriados was greatly pleased with you.
You were full.

You visited 2 branches of the dungeon, and saw 12 of its levels.
You also visited: Sewer.

You collected 523 gold pieces.
You spent 247 gold pieces at shops.

Inventory:

Hand Weapons
 a - a +0 whip of electrocution
   (You took it off Pikel on level 7 of the Dungeon)
 v - a +0 blowgun
 K - a +1 scimitar of flaming (weapon)
   (You took it off Erica on level 7 of the Dungeon)
 P - a +2 falchion of holy wrath
   (You took it off an orc on level 7 of the Dungeon)
 R - a +0 war axe
Missiles
 n - 125 arrows
 q - 2 throwing nets {!f}
 H - 3 tomahawks of dispersal {!f}
 J - 4 poisoned tomahawks
 V - 2 javelins (quivered)
Armour
 B - a +0 troll leather armour (worn)
 C - a +0 cloak (worn)
 E - a +1 helmet (worn)
 F - a +1 pair of boots of flying (worn)
   (You bought it in a shop on level 10 of the Dungeon)
 G - a +0 pair of gloves (worn)
 Y - a +2 leather armour of magic resistance
   (You took it off an orc on level 11 of the Dungeon)
Jewellery
 e - an uncursed ring of flight
   (You found it on level 9 of the Dungeon)
 j - a ring of protection from magic (right hand)
   (You found it on level 1 of the Dungeon)
 s - an uncursed ring of positive energy
   (You found it on level 1 of the Dungeon)
 U - a +2 ring of protection (left hand)
   (You found it on level 10 of the Dungeon)
Wands
 g - a wand of polymorph (5/24)
 D - a wand of disintegration (10/24)
 O - a wand of clouds (1/9)
Scrolls
 h - 2 scrolls of immolation
 i - a scroll of amnesia
 r - 6 scrolls of remove curse
 u - a scroll of blinking
 I - 4 scrolls of enchant weapon
 M - a scroll of recharging {unknown}
 T - 3 scrolls of teleportation
 W - 2 scrolls of magic mapping
Potions
 f - a potion of ambrosia {unknown}
 p - a potion of invisibility {unknown}
 t - 3 potions of flight
 w - 2 potions of might
 x - a potion of heal wounds
 y - 3 potions of curing
 z - 2 potions of brilliance {unknown}
 A - 2 potions of agility
 L - a potion of mutation {unknown}
Books
 c - a book of Battle

   Spells                             Type                      Level
   a - Infusion                       Charms                       1
   b - Shroud of Golubria             Charms/Translocation         2
   c - Song of Slaying                Charms                       2
   d - Spectral Weapon                Hexes/Charms                 3
   e - Regeneration                   Charms/Necromancy            3
 l - a book of Cantrips
   (You found it on level 9 of the Dungeon)

   Spells                             Type                      Level
   a - Confusing Touch                Hexes                        1
   b - Animate Skeleton               Necromancy                   1
   c - Summon Small Mammal            Summoning                    1
   d - Apportation                    Translocation                1
 m - a book of Enchantments
   (You found it on level 9 of the Dungeon)

   Spells                             Type                      Level
   a - Cause Fear                     Hexes                        4
   b - Yara's Violent Unravelling     Hexes/Transmutation          5
   c - Silence                        Hexes/Air                    5
   d - Deflect Missiles               Charms/Air                   6
   e - Discord                        Hexes                        8
 Q - Vehumet's Volume of Arcane Weapons
   (You found it on level 7 of the Dungeon)

   Spells                             Type                      Level
   a - Magic Dart                     Conjuration                  1
Comestibles
 d - 4 bread rations
 o - 4 royal jellies
 N - 2 meat rations
 S - 2 chunks of flesh


   Skills:
 + Level 8.2 Fighting
 + Level 6.7 Short Blades
 + Level 6.7 Long Blades
 + Level 8.2 Axes
 + Level 6.7 Maces & Flails
 + Level 6.7 Polearms
 + Level 6.7 Staves
 + Level 6.7 Slings
 + Level 6.7 Bows
 + Level 6.7 Crossbows
 + Level 6.7 Throwing
 + Level 7.2 Armour
 + Level 8.2 Dodging
 + Level 6.7 Stealth
 + Level 6.7 Shields
 + Level 6.7 Unarmed Combat
 + Level 8.4 Spellcasting
 + Level 6.7 Conjurations
 + Level 6.7 Hexes
 + Level 9.4 Charms
 + Level 6.7 Summonings
 + Level 6.7 Necromancy
 + Level 6.7 Translocations
 + Level 6.7 Transmutations
 + Level 6.7 Fire Magic
 + Level 6.7 Ice Magic
 + Level 6.7 Air Magic
 + Level 6.7 Earth Magic
 + Level 6.7 Poison Magic
 + Level 6.7 Invocations
 + Level 6.7 Evocations


You had 14 spell levels left.
You knew the following spells:

 Your Spells              Type           Power        Failure   Level  Hunger
a - Apportation           Tloc           #####.       1%          1    None
g - Shroud of Golubria    Chrm/Tloc      ######....   1%          2    None
n - Animate Skeleton      Necr           N/A          1%          1    None
r - Regeneration          Chrm/Necr      ######....   1%          3    None
s - Song of Slaying       Chrm           ######..     1%          2    None
w - Spectral Weapon       Hex/Chrm       ######..     1%          3    None


Dungeon Overview and Level Annotations

Branches:
Dungeon (11/15)            Temple (1/1) D:6            Lair (0/6) D:9
    Orc: D:9-12

Altars:
Ashenzari
Cheibriados
Dithmenos
Elyvilon
Fedhas
Gozag
Hepliaklqana
Kikubaaqudgha
Nemelex Xobeh
Okawaru
Qazlal
Ru
Sif Muna
Trog
Uskayaw
Vehumet
Wu Jian
Xom
Zin
The Shining One

Shops:
D:10 [

Portals:
Ice
Cave: D:11


Innate Abilities, Weirdness & Mutations

Your experience applies equally to all skills.
You have very sharp teeth.
Your uncanny sense of smell can sniff out nearby items.


Message History

Lightning courses through the polar bear!
You kill the polar bear!
Cheibriados appreciates the change of pace.
Things that are here:
a wolf corpse x2; a yak corpse You hit the yak.
The yak is lightly wounded.
The yak barely misses you.
You swap places.
Your spectral weapon fades away.
The yak gores you but does no damage.
Some of the chunks of flesh in your inventory have rotted away.
Things that are here:
a wolf corpse x2; a yak corpse The yak gores you.
The yak gores you!
Items here: ( ) [[ a +2 robe of magic resistance; 5 tomahawks; a +1 hat; a scythe You hear a distant blaring wail to the west.
Things that are here:
a club x2; a ring mail The yak gores you.
The yak gores you. The yak misses you. The yak completely misses you.
Casting: Shroud of Golubria
Confirm with . or Enter, or press ? or * to list all spells.
You draw out your weapon's spirit!
The yak barely misses you.
Casting: Spectral Weapon
Confirm with . or Enter, or press ? or * to list all spells.
Your skin crawls.
The yak barely misses you.
You closely miss the yak. You bite the yak, but do no damage.
The yak is lightly wounded.
Your spectral weapon hits the yak!
The yak barely misses you.
You barely miss the yak.
The yak is moderately wounded.
Your spectral weapon hits the yak.
Evoke which item? (* to show all) (? for menu, Esc to quit)
Aiming: Cloud Cone
Press: ? - help, Dir - move target cursor, f - yak
Aim: a yak (heavily wounded)
You create a blast of freezing vapour!
This wand has 1 charge left.
You hear the quick crackling of a melting archway.
The yak is engulfed in freezing vapours.
You kill the yak!
Cheibriados thoroughly appreciates the change of pace.
The ice dragon is engulfed in freezing vapours.
The polar bear is engulfed in freezing vapours.
You barely miss the polar bear.
The polar bear is lightly wounded.
Your spectral weapon hits the polar bear but does no damage.
Lightning courses through the polar bear!
You hit the polar bear.
The polar bear is heavily wounded.
Your skin is crawling a little less now.
Your spectral weapon hits the polar bear but does no damage.
Lightning courses through the polar bear!
The polar bear is engulfed in freezing vapours.
You kill the polar bear!
Cheibriados appreciates the change of pace.
Unknown command.
The ice dragon is engulfed in freezing vapours.
You whack the ice dragon!
You bite the ice dragon, but do no damage.
The ice dragon is lightly wounded.
Your spectral weapon hits the ice dragon but does no damage.
The ice dragon breathes frost at you. The blast of cold hits you!
You barely miss the ice dragon.
The ice dragon is lightly wounded.
Your spectral weapon hits the ice dragon but does no damage.
The ice dragon is engulfed in freezing vapours.
The ice dragon misses you. The ice dragon claws you.
The ice dragon completely misses you.
You hit the ice dragon but do no damage.
Lightning courses through the ice dragon!
The ice dragon is moderately wounded.
Your spectral weapon hits the ice dragon.
The ice dragon is engulfed in freezing vapours.
The ice dragon breathes frost at you. The blast of cold hits you!
Ouch! That really hurt!
* * * LOW HITPOINT WARNING * * *
It was a potion of heal wounds.
You feel much better.
The ice dragon is engulfed in freezing vapours.
The ice dragon closely misses you. The ice dragon barely misses you.
The ice dragon completely misses you.
Wield which item (- for none, * to show all)? (? for menu, Esc to quit)
Your +0 whip of electrocution stops crackling.
Your spectral weapon disappears as you unwield.
Your +1 scimitar of flaming bursts into flame!
K - a +1 scimitar of flaming (weapon)
Casting: Regeneration
Confirm with . or Enter, or press ? or * to list all spells.
You draw out your weapon's spirit!
Your skin stops crawling.
The ice dragon is engulfed in freezing vapours.
The ice dragon breathes frost at you. The blast of cold hits you!
You die...

####### #§)[D.# #§###†##
#§# ##.## #§# ##D# ##D#
#.## #.@# *#h# #.##
*.D#** #(# ##..,*
***############.##**...**
,,,...>..........#*,..Y.*
,,,......."......#*,.∩..*
,,,.......<......#*.....#
***###############**,,,**
*****


You could see an ice dragon and a friendly spectral scimitar of flaming.

Vanquished Creatures
  Gastronok (D:8)
  3 death yaks (D:9)
  Erica (D:7)
  A two-headed ogre (D:9)
  Pikel (D:7)
  Joseph (D:7)
  Psyche (D:8)
  The ghost of Dominolapin the Sneak, a novice VSCj of Sif Muna (D:6)
  A troll (D:9)
  2 polar bears (D:11)
  Sigmund (D:2)
  2 hippogriffs
  10 yaks
  A water moccasin (D:6)
  A porcupine (D:9)
  Duvessa (D:6)
  2 ice beasts
  4 orc warriors
  A black bear (D:8)
  3 phantoms
  A slave (D:7)
  3 ogres
  3 wolves (D:11)
  A necrophage (D:6)
  A centaur (D:7)
  A crocodile (D:9)
  2 big kobolds (Sewer)
  4 bullfrogs
  3 scorpions
  Dowan (D:6)
  6 killer bees
  4 wights (D:8)
  4 howler monkeys
  A bullfrog zombie (D:9)
  4 crimson imps
  7 hounds
  A quasit (D:8)
  A centaur zombie (D:7)
  A jelly (D:9)
  7 orc priests
  A centaur skeleton (D:10)
  5 orc wizards
  A bullfrog skeleton (D:7)
  2 iguanas
  7 worker ants
  A hound skeleton (D:8)
  A worker ant zombie (D:5)
  Robin (D:2)
  10 adders
  A river rat (D:9)
  A shadow imp (D:9)
  A white imp (D:4)
  2 oozes (Sewer)
  2 adder zombies (D:7)
  3 adder skeletons
  A worm (D:5)
  A dart slug (D:5)
  8 leopard geckos
  36 orcs
  3 ball pythons
  10 bats
  5 giant cockroaches
  15 goblins
  4 hobgoblins
  11 jackals
  4 quokkas
  6 frilled lizards
  A jackal zombie (D:7)
  21 kobolds
  2 leopard gecko skeletons
  A quokka zombie (D:5)
  5 rats
268 creatures vanquished.

Vanquished Creatures (collateral kills)
  A river rat (D:9)
  A jackal (D:9)
2 creatures vanquished.

Vanquished Creatures (others)
  2 slaves (D:7)
  A leopard gecko (D:11)
  4 spectral weapons
7 creatures vanquished.

Grand Total: 277 creatures vanquished

Notes
Turn   | Place    | Note
-------+----------+-------------------------------------------
     0 | D:1      | tidbits the Gnoll Skald began the quest for the Orb.
     0 | D:1      | Reached XP level 1. HP: 20/20 MP: 6/6
   179 | D:1      | Reached XP level 2. HP: 24/26 MP: 4/7
   183 | D:1      | Learned a level 2 spell: Song of Slaying
   186 | D:1      | Learned a level 2 spell: Shroud of Golubria
   415 | D:2      | Noticed Robin
   419 | D:2      | Reached skill level 5 in Spellcasting
   419 | D:2      | Reached XP level 3. HP: 16/31 MP: 0/9
   572 | D:2      | Killed Robin
   599 | D:2      | Reached skill level 1 in Short Blades
   599 | D:2      | Reached skill level 1 in Long Blades
   599 | D:2      | Reached skill level 1 in Maces & Flails
   599 | D:2      | Reached skill level 1 in Polearms
   599 | D:2      | Reached skill level 1 in Staves
   599 | D:2      | Reached skill level 1 in Slings
   599 | D:2      | Reached skill level 1 in Bows
   599 | D:2      | Reached skill level 1 in Crossbows
   599 | D:2      | Reached skill level 1 in Throwing
   599 | D:2      | Reached skill level 1 in Stealth
   599 | D:2      | Reached skill level 1 in Shields
   599 | D:2      | Reached skill level 1 in Unarmed Combat
   599 | D:2      | Reached skill level 1 in Conjurations
   599 | D:2      | Reached skill level 1 in Hexes
   599 | D:2      | Reached skill level 1 in Summonings
   599 | D:2      | Reached skill level 1 in Necromancy
   599 | D:2      | Reached skill level 1 in Translocations
   599 | D:2      | Reached skill level 1 in Transmutations
   599 | D:2      | Reached skill level 1 in Fire Magic
   599 | D:2      | Reached skill level 1 in Ice Magic
   599 | D:2      | Reached skill level 1 in Air Magic
   599 | D:2      | Reached skill level 1 in Earth Magic
   599 | D:2      | Reached skill level 1 in Poison Magic
   599 | D:2      | Reached skill level 1 in Invocations
   599 | D:2      | Reached skill level 1 in Evocations
   617 | D:2      | Learned a level 3 spell: Regeneration
   621 | D:2      | Learned a level 3 spell: Spectral Weapon
   663 | D:2      | Noticed Sigmund
   670 | D:2      | Found a shadowy altar of Dithmenos.
   684 | D:2      | HP: 1/31 [something/puff of flame (9)]
   843 | D:2      | Killed Sigmund
   843 | D:2      | Reached skill level 3 in Armour
   843 | D:2      | Reached XP level 4. HP: 28/38 MP: 0/11
   843 | D:2      | Reached XP level 5. HP: 31/43 MP: 0/12
   857 | D:2      | Found a glowing silver altar of Zin.
   927 | D:2      | Noticed a moth of wrath
   956 | D:2      | Found a stormy altar of Qazlal.
   985 | D:2      | Reached XP level 6. HP: 50/50 MP: 10/13
  1307 | D:4      | Reached skill level 5 in Fighting
  1307 | D:4      | Reached skill level 5 in Axes
  1307 | D:4      | Reached skill level 5 in Dodging
  1335 | D:4      | Reached skill level 2 in Short Blades
  1335 | D:4      | Reached skill level 2 in Long Blades
  1335 | D:4      | Reached skill level 2 in Maces & Flails
  1335 | D:4      | Reached skill level 2 in Polearms
  1335 | D:4      | Reached skill level 2 in Staves
  1335 | D:4      | Reached skill level 2 in Slings
  1335 | D:4      | Reached skill level 2 in Bows
  1335 | D:4      | Reached skill level 2 in Crossbows
  1335 | D:4      | Reached skill level 2 in Throwing
  1335 | D:4      | Reached skill level 2 in Stealth
  1335 | D:4      | Reached skill level 2 in Shields
  1335 | D:4      | Reached skill level 2 in Unarmed Combat
  1335 | D:4      | Reached skill level 2 in Conjurations
  1335 | D:4      | Reached skill level 2 in Hexes
  1335 | D:4      | Reached skill level 2 in Summonings
  1335 | D:4      | Reached skill level 2 in Necromancy
  1335 | D:4      | Reached skill level 2 in Translocations
  1335 | D:4      | Reached skill level 2 in Transmutations
  1335 | D:4      | Reached skill level 2 in Fire Magic
  1335 | D:4      | Reached skill level 2 in Ice Magic
  1335 | D:4      | Reached skill level 2 in Air Magic
  1335 | D:4      | Reached skill level 2 in Earth Magic
  1335 | D:4      | Reached skill level 2 in Poison Magic
  1335 | D:4      | Reached skill level 2 in Invocations
  1335 | D:4      | Reached skill level 2 in Evocations
  1609 | D:4      | Reached XP level 7. HP: 56/56 MP: 9/15
  1622 | D:4      | Found an ornate altar of the Wu Jian Council.
  1659 | D:4      | Reached skill level 7 in Charms
  1713 | D:4      | Found a glowing drain.
  1730 | Sewer    | Entered a sewer
  2129 | D:5      | Entered Level 5 of the Dungeon
  2143 | D:5      | Reached XP level 8. HP: 63/63 MP: 12/16
  2223 | D:5      | Reached skill level 4 in Armour
  2254 | D:5      | Reached skill level 3 in Short Blades
  2254 | D:5      | Reached skill level 3 in Long Blades
  2254 | D:5      | Reached skill level 3 in Maces & Flails
  2254 | D:5      | Reached skill level 3 in Polearms
  2254 | D:5      | Reached skill level 3 in Staves
  2254 | D:5      | Reached skill level 3 in Slings
  2254 | D:5      | Reached skill level 3 in Bows
  2254 | D:5      | Reached skill level 3 in Crossbows
  2254 | D:5      | Reached skill level 3 in Throwing
  2254 | D:5      | Reached skill level 3 in Stealth
  2254 | D:5      | Reached skill level 3 in Shields
  2254 | D:5      | Reached skill level 3 in Unarmed Combat
  2254 | D:5      | Reached skill level 3 in Conjurations
  2254 | D:5      | Reached skill level 3 in Hexes
  2254 | D:5      | Reached skill level 3 in Summonings
  2254 | D:5      | Reached skill level 3 in Necromancy
  2254 | D:5      | Reached skill level 3 in Translocations
  2254 | D:5      | Reached skill level 3 in Transmutations
  2254 | D:5      | Reached skill level 3 in Fire Magic
  2254 | D:5      | Reached skill level 3 in Ice Magic
  2254 | D:5      | Reached skill level 3 in Air Magic
  2254 | D:5      | Reached skill level 3 in Earth Magic
  2254 | D:5      | Reached skill level 3 in Poison Magic
  2254 | D:5      | Reached skill level 3 in Invocations
  2254 | D:5      | Reached skill level 3 in Evocations
  2467 | D:5      | Reached skill level 6 in Spellcasting
  2610 | D:6      | Noticed Dominolapin's ghost (novice VSCj)
  2618 | D:6      | Killed Dominolapin's ghost
  2650 | D:6      | Found a hazy altar of Hepliaklqana.
  2669 | D:6      | Reached skill level 6 in Fighting
  2669 | D:6      | Reached skill level 6 in Axes
  2669 | D:6      | Reached skill level 6 in Dodging
  2669 | D:6      | Reached XP level 9. HP: 56/69 MP: 13/18
  2745 | D:6      | Found an opulent altar of Gozag.
  2777 | D:6      | Noticed Duvessa
  2778 | D:6      | Noticed Dowan
  2792 | D:6      | Killed Dowan
  2798 | D:6      | Killed Duvessa
  2911 | D:7      | Found a deep blue altar of Sif Muna.
  2912 | D:7      | Found an ancient bone altar of Kikubaaqudgha.
  2913 | D:7      | Found a radiant altar of Vehumet.
  2917 | D:7      | Identified Vehumet's Volume of Arcane Weapons
  2949 | D:7      | Noticed Pikel
  2960 | D:7      | Killed Pikel
  2960 | D:7      | Reached skill level 4 in Short Blades
  2960 | D:7      | Reached skill level 4 in Long Blades
  2960 | D:7      | Reached skill level 4 in Maces & Flails
  2960 | D:7      | Reached skill level 4 in Polearms
  2960 | D:7      | Reached skill level 4 in Staves
  2960 | D:7      | Reached skill level 4 in Slings
  2960 | D:7      | Reached skill level 4 in Bows
  2960 | D:7      | Reached skill level 4 in Crossbows
  2960 | D:7      | Reached skill level 4 in Throwing
  2960 | D:7      | Reached skill level 5 in Armour
  2960 | D:7      | Reached skill level 4 in Stealth
  2960 | D:7      | Reached skill level 4 in Shields
  2960 | D:7      | Reached skill level 4 in Unarmed Combat
  2960 | D:7      | Reached skill level 4 in Conjurations
  2960 | D:7      | Reached skill level 4 in Hexes
  2960 | D:7      | Reached skill level 4 in Summonings
  2960 | D:7      | Reached skill level 4 in Necromancy
  2960 | D:7      | Reached skill level 4 in Translocations
  2960 | D:7      | Reached skill level 4 in Transmutations
  2960 | D:7      | Reached skill level 4 in Fire Magic
  2960 | D:7      | Reached skill level 4 in Ice Magic
  2960 | D:7      | Reached skill level 4 in Air Magic
  2960 | D:7      | Reached skill level 4 in Earth Magic
  2960 | D:7      | Reached skill level 4 in Poison Magic
  2960 | D:7      | Reached skill level 4 in Invocations
  2960 | D:7      | Reached skill level 4 in Evocations
  3075 | D:7      | Reached skill level 8 in Charms
  3290 | D:6      | Found a staircase to the Ecumenical Temple.
  3299 | Temple   | Entered the Ecumenical Temple
  3329 | Temple   | Became a worshipper of Cheibriados the Contemplative
  3509 | D:7      | Noticed Joseph
  3528 | D:7      | Killed Joseph
  3528 | D:7      | Reached skill level 7 in Spellcasting
  3528 | D:7      | Reached XP level 10. HP: 50/77 MP: 13/20
  3556 | D:8      | Noticed Erica
  3578 | D:7      | Killed Erica
  3578 | D:7      | Reached skill level 5 in Short Blades
  3578 | D:7      | Reached skill level 5 in Long Blades
  3578 | D:7      | Reached skill level 5 in Maces & Flails
  3578 | D:7      | Reached skill level 5 in Polearms
  3578 | D:7      | Reached skill level 5 in Staves
  3578 | D:7      | Reached skill level 5 in Slings
  3578 | D:7      | Reached skill level 5 in Bows
  3578 | D:7      | Reached skill level 5 in Crossbows
  3578 | D:7      | Reached skill level 5 in Throwing
  3578 | D:7      | Reached skill level 5 in Stealth
  3578 | D:7      | Reached skill level 5 in Shields
  3578 | D:7      | Reached skill level 5 in Unarmed Combat
  3578 | D:7      | Reached skill level 5 in Conjurations
  3578 | D:7      | Reached skill level 5 in Hexes
  3578 | D:7      | Reached skill level 5 in Summonings
  3578 | D:7      | Reached skill level 5 in Necromancy
  3578 | D:7      | Reached skill level 5 in Translocations
  3578 | D:7      | Reached skill level 5 in Transmutations
  3578 | D:7      | Reached skill level 5 in Fire Magic
  3578 | D:7      | Reached skill level 5 in Ice Magic
  3578 | D:7      | Reached skill level 5 in Air Magic
  3578 | D:7      | Reached skill level 5 in Earth Magic
  3578 | D:7      | Reached skill level 5 in Poison Magic
  3578 | D:7      | Reached skill level 5 in Invocations
  3578 | D:7      | Reached skill level 5 in Evocations
  3660 | D:8      | Noticed Gastronok
  3685 | D:8      | Killed Gastronok
  3685 | D:8      | Reached skill level 7 in Fighting
  3685 | D:8      | Reached skill level 7 in Axes
  3685 | D:8      | Reached skill level 6 in Armour
  3685 | D:8      | Reached skill level 7 in Dodging
  4023 | D:8      | Noticed Psyche
  4029 | D:8      | Killed Psyche
  4142 | D:9      | Reached XP level 11. HP: 56/84 MP: 14/22
  4212 | D:9      | Learned a level 1 spell: Animate Skeleton
  4214 | D:9      | Learned a level 1 spell: Apportation
  4215 | D:9      | Noticed a death yak
  4219 | D:9      | Noticed a two-headed ogre
  4233 | D:9      | Reached * piety under Cheibriados
  4260 | D:9      | Killed a two-headed ogre
  4285 | D:9      | Found a staircase to the Lair.
  4303 | D:9      | Killed a death yak
  4303 | D:9      | Reached skill level 6 in Short Blades
  4303 | D:9      | Reached skill level 6 in Long Blades
  4303 | D:9      | Reached skill level 6 in Maces & Flails
  4303 | D:9      | Reached skill level 6 in Polearms
  4303 | D:9      | Reached skill level 6 in Staves
  4303 | D:9      | Reached skill level 6 in Slings
  4303 | D:9      | Reached skill level 6 in Bows
  4303 | D:9      | Reached skill level 6 in Crossbows
  4303 | D:9      | Reached skill level 6 in Throwing
  4303 | D:9      | Reached skill level 6 in Stealth
  4303 | D:9      | Reached skill level 6 in Shields
  4303 | D:9      | Reached skill level 6 in Unarmed Combat
  4303 | D:9      | Reached skill level 6 in Conjurations
  4303 | D:9      | Reached skill level 6 in Hexes
  4303 | D:9      | Reached skill level 9 in Charms
  4303 | D:9      | Reached skill level 6 in Summonings
  4303 | D:9      | Reached skill level 6 in Necromancy
  4303 | D:9      | Reached skill level 6 in Translocations
  4303 | D:9      | Reached skill level 6 in Transmutations
  4303 | D:9      | Reached skill level 6 in Fire Magic
  4303 | D:9      | Reached skill level 6 in Ice Magic
  4303 | D:9      | Reached skill level 6 in Air Magic
  4303 | D:9      | Reached skill level 6 in Earth Magic
  4303 | D:9      | Reached skill level 6 in Poison Magic
  4303 | D:9      | Reached skill level 6 in Invocations
  4303 | D:9      | Reached skill level 6 in Evocations
  4308 | D:9      | Noticed a death yak
  4308 | D:9      | Noticed a death yak
  4330 | D:9      | Killed a death yak
  4342 | D:9      | Killed a death yak
  4342 | D:9      | Reached skill level 8 in Spellcasting
  4453 | D:9      | Reached ** piety under Cheibriados
  4592 | D:10     | Entered Level 10 of the Dungeon
  4863 | D:8      | Reached *** piety under Cheibriados
  4947 | D:8      | Found a sacrificial altar of Ru.
  5066 | D:10     | Reached skill level 8 in Fighting
  5066 | D:10     | Reached skill level 8 in Axes
  5066 | D:10     | Reached skill level 7 in Armour
  5066 | D:10     | Reached skill level 8 in Dodging
  5234 | D:10     | Found Zoynet's Armour Boutique.
  5308 | D:10     | Bought a +1 pair of boots of flying for 247 gold pieces
  5375 | D:11     | Reached **** piety under Cheibriados
  5413 | D:11     | Found a frozen archway.
  5436 | D:11     | Noticed an ice dragon
  5473 | D:11     | HP: 5/86 [ice dragon/blast of cold (49)]
  5476 | D:11     | Killed from afar by an ice dragon

Vault maps used:
D:1:      tarquinn_simple_flora_water_c
D:2:      grunt_qazlal_sundering, overflow_temple_1_default,
          grunt_dithmenos_smoke_and_mirrors, first_bread, tgw_trog,
          uniq_sigmund, uniq_robin
D:4:      lemuel_round_altar, portal_sewer_entry_a, minmay_fire_ice_demons
D:5:      lemuel_zombie_altar_yredelemnul, minmay_misc_feat_cross
D:6:      nicolae_gozag_seed_capital, old_standard_altar,
          minmay_temple_entry_purple_smoke, uniq_duvessa
D:7:      grunt_temple_overflow_magic_moments, makhleb_grotto_becter,
          grunt_decor_resistance, grunt_livestock, minmay_stone_trees_medium,
          minmay_misc_feat_iff, uniq_joseph, uniq_pikel
D:8:      nicolae_ru_awakened_eye, uniq_erica, uniq_gastronok, uniq_psyche
D:9:      dpeg_lair_monsters, orc_0_dummy
D:10:     kennysheep_windowed_goal
D:11:     portal_ice_cave_entry_animals_and_master, minmay_evil_grid,
          uniq_maurice
Temple:   jpeg_temple_alley_garden
Sewer:    kennysheep_pipe_town

Skill      XL: |  1  2  3  4  5  6  7  8  9 10 11 |
---------------+----------------------------------+-----
Spellcasting   | 5 6 7 8 |  8.4
Short Blades   | 1 2 3 4 5 6 |  6.7
Long Blades    | 1 2 3 4 5 6 |  6.7
Maces & Flails | 1 2 3 4 5 6 |  6.7
Polearms       | 1 2 3 4 5 6 |  6.7
Staves         | 1 2 3 4 5 6 |  6.7
Slings         | 1 2 3 4 5 6 |  6.7
Bows           | 1 2 3 4 5 6 |  6.7
Crossbows      | 1 2 3 4 5 6 |  6.7
Throwing       | 1 2 3 4 5 6 |  6.7
Stealth        | 1 2 3 4 5 6 |  6.7
Shields        | 1 2 3 4 5 6 |  6.7
Unarmed Combat | 1 2 3 4 5 6 |  6.7
Conjurations   | 1 2 3 4 5 6 |  6.7
Hexes          | 1 2 3 4 5 6 |  6.7
Summonings     | 1 2 3 4 5 6 |  6.7
Necromancy     | 1 2 3 4 5 6 |  6.7
Translocations | 1 2 3 4 5 6 |  6.7
Transmutations | 1 2 3 4 5 6 |  6.7
Fire Magic     | 1 2 3 4 5 6 |  6.7
Ice Magic      | 1 2 3 4 5 6 |  6.7
Air Magic      | 1 2 3 4 5 6 |  6.7
Earth Magic    | 1 2 3 4 5 6 |  6.7
Poison Magic   | 1 2 3 4 5 6 |  6.7
Invocations    | 1 2 3 4 5 6 |  6.7
Evocations     | 1 2 3 4 5 6 |  6.7
Armour         | 3 4 5 6 7 |  7.2
Fighting       | 5 6 7 8 |  8.2
Axes           | 5 6 7 8 |  8.2
Dodging        | 5 6 7 8 |  8.2
Charms         | 7 8 9 |  9.4

Action                   |  1- 3 |  4- 6 |  7- 9 | 10-12 || total
-------------------------+-------+-------+-------+-------++-------
Melee: Hand axe          |    77 |       |    71 |       ||   148
       Bite              |     9 |     8 |    37 |    55 ||   109
       Dagger            |    14 |   117 |    20 |       ||   151
       War axe           |       |       |   106 |       ||   106
       Punch             |       |       |     4 |    14 ||    18
       Whip              |       |       |    77 |   296 ||   373
Throw: Tomahawk          |       |       |       |     6 ||     6
       Javelin           |       |       |       |     8 ||     8
 Cast: Infusion          |    15 |    12 |     3 |       ||    30
       Shroud of Golubri |     4 |     4 |    11 |    15 ||    34
       Regeneration      |     4 |       |    10 |    22 ||    36
       Spectral Weapon   |     1 |     6 |    34 |    38 ||    79
       Animate Skeleton  |       |       |       |    13 ||    13
       Apportation       |       |       |       |     2 ||     2
Evoke: Wand              |       |       |     3 |     6 ||     9
  Use: Potion            |     3 |       |     2 |     1 ||     6
       Scroll            |     2 |     6 |     4 |     7 ||    19
 Stab: Sleeping          |       |     2 |     1 |     1 ||     4
       Distracted        |       |       |    11 |     3 ||    14
       Confused          |       |       |     1 |       ||     1
  Eat: Chunk             |       |     4 |     4 |     5 ||    13
       Meat ration       |       |       |     1 |     1 ||     2
Armor: Leather armour    |    14 |       |       |       ||    14
       Ring mail         |       |    47 |    76 |       ||   123
       Robe              |       |       |       |    22 ||    22
       Troll leather arm |       |       |       |    60 ||    60
Dodge: Dodged            |    58 |    63 |   168 |   243 ||   532

Table legend:
 A = Spawn XP
 B = Non-spawn XP
 C = Spawn XP percentage of total XP
 D = Spawn monster count
 E = Non-spawn monster count
 F = Spawn count percentage of total count
 G = Total turns spent on level
                    A         B        C        D         E        F      G
               +---------+---------+-------+---------+---------+-------+---------
         Total |       0 |   18353 |   0.0 |       0 |     269 |   0.0 |  5476
               +---------+---------+-------+---------+---------+-------+---------
           D:1 |       0 |      20 |   0.0 |       0 |      12 |   0.0 |   542
           D:2 |       0 |     327 |   0.0 |       0 |      34 |   0.0 |   578
           D:3 |       0 |     143 |   0.0 |       0 |      18 |   0.0 |   367
           D:4 |       0 |     466 |   0.0 |       0 |      13 |   0.0 |   391
           D:5 |       0 |     515 |   0.0 |       0 |      19 |   0.0 |   428
           D:6 |       0 |    1286 |   0.0 |       0 |      25 |   0.0 |   403
           D:7 |       0 |    2703 |   0.0 |       0 |      26 |   0.0 |   553
           D:8 |       0 |    3943 |   0.0 |       0 |      27 |   0.0 |   663
           D:9 |       0 |    4879 |   0.0 |       0 |      37 |   0.0 |   646
          D:10 |       0 |    2460 |   0.0 |       0 |      23 |   0.0 |   431
          D:11 |       0 |    1375 |   0.0 |       0 |      11 |   0.0 |   135
         Sewer |       0 |     236 |   0.0 |       0 |      24 |   0.0 |   259
               +---------+---------+-------+---------+---------+-------+---------

Table legend:
 A = Turns spent in this place as a percentage of turns spent in the entire game.
 B = Non-inter-level travel turns spent in this place as a percentage of non-inter-level travel turns spent in the entire game.
 C = Inter-level travel turns spent in this place as a percentage of turns spent in this place.
 D = Turns resting spent in this place as a percentage of non-inter-level travel turns spent in this place.
 E = Turns spent auto-exploring this place as a percentage of non-inter-level travel turns spent in this place.
 F = Non-inter-level travel turns spent in this place divided by the number of levels of this place that you've seen.
                   A       B       C       D       E      F
               +-------+-------+-------+-------+-------+----------------------
         Total | 100.0 | 100.0 |   4.0 |   0.0 |   0.0 | 404.5
       Dungeon |  93.8 |  94.3 |   3.5 |   0.0 |   0.0 | 450.7
        Temple |   1.5 |   0.8 |  47.5 |   0.0 |   0.0 |  42.0
         Sewer |   4.7 |   4.9 |   0.0 |   0.0 |   0.0 | 259.0
               +-------+-------+-------+-------+-------+----------------------

Table legend:
 A = Kills in this place as a percentage of kills in entire the game.
 B = Kills by you in this place as a percentage of kills by you in the entire game.
 C = Kills by friends in this place as a percentage of kills by friends in the entire game.
 D = Other kills in this place as a percentage of other kills in the entire game.
 E = Experience gained in this place as a percentage of experience gained in the entire game.
 F = Experience gained in this place divided by the number of levels of this place that you have seen.
                   A       B       C       D       E      F
               +-------+-------+-------+-------+-------+----------------------
         Total | 100.0 | 100.0 | 100.0 |   N/A | 100.0 | 1411.8
       Dungeon |  91.1 |  91.0 | 100.0 |   N/A |  98.7 | 1647.0
         Sewer |   8.9 |   9.0 |   0.0 |   N/A |   1.3 | 236.0
               +-------+-------+-------+-------+-------+----------------------

Vault maps used:
D:1:      tarquinn_simple_flora_water_c
D:2:      grunt_qazlal_sundering, overflow_temple_1_default,
          grunt_dithmenos_smoke_and_mirrors, first_bread, tgw_trog,
          uniq_sigmund, uniq_robin
D:4:      lemuel_round_altar, portal_sewer_entry_a, minmay_fire_ice_demons
D:5:      lemuel_zombie_altar_yredelemnul, minmay_misc_feat_cross
D:6:      nicolae_gozag_seed_capital, old_standard_altar,
          minmay_temple_entry_purple_smoke, uniq_duvessa
D:7:      grunt_temple_overflow_magic_moments, makhleb_grotto_becter,
          grunt_decor_resistance, grunt_livestock, minmay_stone_trees_medium,
          minmay_misc_feat_iff, uniq_joseph, uniq_pikel
D:8:      nicolae_ru_awakened_eye, uniq_erica, uniq_gastronok, uniq_psyche
D:9:      dpeg_lair_monsters, orc_0_dummy
D:10:     kennysheep_windowed_goal
D:11:     portal_ice_cave_entry_animals_and_master, minmay_evil_grid,
          uniq_maurice
Temple:   jpeg_temple_alley_garden
Sewer:    kennysheep_pipe_town
